Unix NetHack Version 3.7.0-94 Work-in-progress - last build Dec 18 2023 00:11:04 (7e3deff068b9ef4f2ebb9a71ea0f5c4a3b578a14,branch:master). Game began 2023-12-28 17:10:49, ended 2023-12-28 17:30:39. gargor, neutral male human Tourist ---------- |........| |....<....############## |...[....| -------# |........- ......|# |........| |...).'@# ---------- .!....| |a>.).| ------- Gargor the Sightseer St:14 Dx:11 Co:18 In:12 Wi:3 Ch:16 Neutral S:1874 Dlvl:9 $:0 HP:0(47) Pw:12(12) AC:9 Xp:5/303 T:2242 Latest messages: The elf mummy hits! You miss the elf mummy. The elf mummy hits! What do you want to drink? [xG or ?*] G You feel better. The elf mummy hits! You miss the elf mummy. The elf mummy hits! You miss the elf mummy. The elf mummy hits! What do you want to ready? [- auvADS or ?*] Never mind. What do you want to drink? [xG or ?*] G You feel better. The elf mummy hits! You miss the elf mummy. The elf mummy hits! You miss the elf mummy. The elf mummy hits! You destroy the elf mummy! In what direction? There is an open door here. You see here a mummy wrapping. In what direction? j The dart misses the gold golem. In what direction? j The dart misses the gold golem. In what direction? j There is an open door here. You see here a mummy wrapping. In what direction? h The dart misses the gold golem. In what direction? h The dart hits the gold golem. In what direction? h The dart hits the gold golem. The gold golem hits! The gold golem hits again! In what direction? h The dart misses the gold golem. The gold golem hits! The gold golem hits again! Are you sure you want to pray? [yn] (n) y You begin praying to The Lady. The gold golem hits! You die... Do you want your possessions identified? [ynq] (y) y Do you want to see your attributes? [ynq] (y) y Do you want an account of creatures vanquished? [ynaq] (y) y Do you want to see your conduct and achievements? [ynq] (y) q Inventory: Weapons r - 6 blessed +2 arrows v - a blessed +1 dart a - 9 +2 darts (at the ready) u - 31 +0 darts D - a corroded +2 dart A - 2 +0 daggers W - the rustproof +0 Cleaver (weapon in hands) S - a +0 dwarvish mattock Armor C - an uncursed burnt +1 cloak of displacement (being worn) w - a cursed +0 cloak of displacement j - an uncursed +0 Hawaiian shirt with a bird of paradise motif (being worn) Comestibles f - 2 uncursed slime molds e - an uncursed apple d - 2 uncursed carrots X - an uncursed cram ration b - 7 uncursed food rations s - an uncursed pancake c - an uncursed tripe ration P - an uncursed lichen corpse Scrolls E - an uncursed scroll of confuse monster K - an uncursed scroll of enchant weapon i - an uncursed scroll of magic mapping Spellbooks F - a cursed spellbook of healing Potions G - an uncursed potion of healing x - 2 uncursed potions of speed Wands p - a wand of digging (0:4) y - a wand of enlightenment (0:11) Tools l - an uncursed credit card k - an expensive camera (0:77) m - an uncursed leash I - an uncursed magic whistle Gargor the Tourist's attributes: Background: You were a Sightseer, a level 5 male human Tourist. You were neutral, on a mission for The Lady who was opposed by Blind Io (lawful) and Offler (chaotic). You were right-handed. You were in the Dungeons of Doom, on level 9. You entered the dungeon 2242 turns ago. There was a full moon in effect when your adventure ended. You had 303 experience points, 17 more were needed to attain level 6. Your score was 1874 before end-of-game adjustments. Basics: You had 0 out of 47 hit points. You had all 12 energy points (spell power). Your armor class was 9. Your wallet was empty. Autopickup was off. Final Characteristics: Your strength was 14 (limit:18/100). Your dexterity was 11 (limit:18). Your constitution was 18 (limit:18). Your intelligence was 12 (limit:18). Your wisdom was 3 (peak:7, limit:18). Your charisma was 16 (limit:18). Final Status: You weren't hungry. You were unencumbered. You were wielding an axe. You were unskilled in axe. Final Attributes: You were haltingly aligned. You were poison resistant. You were telepathic. You were displaced. You were warded. You were very unlucky. You are dead. Miscellaneous: You never encountered a bones level. Total elapsed playing time was 19 minutes and 49 seconds. Major events: Turn 1: gargor the neutral male human Tourist entered the dungeon 1009: attained the rank of Sightseer (level 3) 1989: was bestowed with Cleaver by The Lady 2242: killed by a gold golem, while praying Vanquished creatures: a ghost a pyrolisk an elf mummy a yellow light a gray ooze 2 floating eyes a homunculus a giant bat a dwarf zombie an acid blob 3 coyotes a giant rat 2 yellow molds a gnome 5 geckos a jackal a goblin 9 grid bugs a lichen a kobold zombie 2 newts 38 creatures vanquished. No species were genocided or became extinct. Voluntary challenges: You read items or engraved 6 times. You never engraved Elbereth. You never genocided any monsters. You never polymorphed an object. You never changed form. You used no wishes. Achievements: You entered a shop. You attained the rank of Sightseer. The Dungeons of Doom: levels 1 to 9 Level 1: Level 2: An altar. Level 3: A weapon shop, a fountain. Level 4: Level 5: A general store, a fountain. Level 6: Some altars. Level 7: Level 8: Level 9: <- You were here. Final resting place for you, killed by a gold golem, while praying. Game over: ---------- / \ / REST \ / IN \ / PEACE \ / \ | gargor | | 0 Au | | killed by a gold | | golem | | | | | | 2023 | *| * * * | * _________)/\\_//(\/(/\)/\//\/|_)_______ Aloha gargor the Tourist... You died in The Dungeons of Doom on dungeon level 9 with 1874 points, and 0 pieces of gold, after 2242 moves. You were level 5 with a maximum of 47 hit points when you died.